Blues vs Canadiens

Created - 27 novembre 2017 at 20:06

Goals
1 2 3 T
Blues 0 2 0 2
Canadiens 2 1 2 5
Shots
1 2 3 T
Blues 2 6 7 15
Canadiens 13 12 15 40

1st period

1. Canadiens , Auston Matthews 15 (Jakob Silfverberg 14, Ian Cole 8) at 1:52
2. Canadiens , Jordan Eberle 10 (Cam Fowler 22, Auston Matthews 18) at 3:10

Penalties :
No Penalty

2nd period

3. Canadiens , Jordan Eberle 11 (Jakob Silfverberg 15, Ivan Provorov 12) at 4:39
4. Blues , Brian Gionta 5 (Brian Flynn 5) at 12:39
5. Blues , Jay McClement 3 (Brian Flynn 6, Brian Gionta 12) at 14:28

Penalties :
Michael Raffl (STL) for Tripping (Minor) at 9:12

3rd period

6. Canadiens , Auston Matthews 16 (Jordan Eberle 14, Ivan Provorov 13) at 0:39
7. Canadiens , John Tavares 12 (Gustav Nyquist 13) at 3:17

Penalties :
Brian Flynn (STL) for Roughing (Double Minor) at 7:17

Goalie Stats

Ryan Miller (STL), 35 saves from 40 shots - (0.875), L, 3-4-1, 60:00 minutes
Jonathan Bernier (MTL), 13 saves from 15 shots - (0.867), W, 3-1-3, 60:00 minutes

Players Stats for Blues

Player Name              G  A  P  +/- PIM S  H  SB GA TA FO     MP     PP MP  PK MP  
------------------------------------------------------------------------------------
Brian Flynn              0  2  2   2  4   2  0  0  0  0  0/0    16:39   0:00   0:00 
Brian Gionta             1  1  2   2  0   2  0  1  0  0  3/3    18:14   0:00   1:34 
Cal Clutterbuck          0  0  0  -3  0   2  0  0  0  0  0/0     7:55   0:00   0:53 
Carl Gunnarsson          0  0  0   1  0   0  1  0  0  0  0/0    15:27   0:00   0:09 
Chris Wideman            0  0  0   1  0   0  3  1  0  0  0/0    15:18   0:00   0:00 
Clarke MacArthur         0  0  0  -3  0   0  0  0  0  0  0/1     7:55   0:00   0:53 
Jay Bouwmeester          0  0  0  -5  0   1  2  1  0  0  0/0    24:36   0:00   3:32 
Jay McClement            1  0  1   2  0   1  2  0  0  0  10/20  16:40   0:00   0:00 
Jiri Hudler              0  0  0   0  0   0  0  0  0  0  0/0     2:29   0:00   0:00 
John-Michael Liles       0  0  0   1  0   0  0  1  0  0  0/0    20:09   0:00   2:26 
Kris Versteeg            0  0  0   0  0   1  2  0  0  0  0/0    15:40   0:00   0:00 
Marian Hossa             0  0  0  -2  0   3  0  0  0  0  0/1    18:11   0:00   3:31 
Matt Irwin               0  0  0   1  0   0  0  0  0  0  0/0    20:38   0:00   2:26 
Michael Raffl            0  0  0   0  2   0  0  0  0  0  0/0    15:39   0:00   0:00 
Mike Fisher              0  0  0  -5  0   2  3  0  0  0  14/33  22:44   0:00   3:31 
Nick Cousins             0  0  0   0  0   0  0  0  0  0  10/18  15:40   0:00   0:00 
Niklas Kronwall          0  0  0  -5  0   0  5  0  0  0  0/0    23:52   0:00   3:23 
Rick Nash                0  0  0  -2  0   1  0  0  0  0  0/0    16:14   0:00   1:34 

Players Stats for Canadiens

Player Name              G  A  P  +/- PIM S  H  SB GA TA FO     MP     PP MP  PK MP  
------------------------------------------------------------------------------------
Adam Larsson             0  0  0   1  0   0  1  0  0  0  0/0    22:21   2:54   0:00 
Artturi Lehkonen         0  0  0   0  0   2  0  0  0  0  1/1    11:01   0:00   0:00 
Auston Matthews          2  1  3   3  0   8  1  0  0  0  11/23  20:04   2:52   0:00 
Cam Fowler               0  1  1   1  0   1  0  0  0  0  0/0    22:19   2:52   0:00 
Gustav Nyquist           0  1  1   1  0   1  0  0  0  0  0/0    20:28   2:52   0:00 
Ian Cole                 0  1  1   3  0   1  3  1  0  0  0/0    20:42   0:12   0:00 
Ivan Provorov            0  2  2   3  0   1  0  3  0  0  0/0    23:22   2:52   0:00 
Jakob Silfverberg        0  2  2   3  0   2  2  0  0  0  0/1    20:18   3:06   0:00 
John Tavares             1  0  1   1  0   6  0  0  0  0  15/25  20:28   2:52   0:00 
Jordan Eberle            2  1  3   3  0   6  2  0  0  0  0/0    20:18   3:06   0:00 
Josh Bailey              0  0  0   0  0   1  1  0  0  0  0/1    11:01   0:00   0:00 
Josh Morrissey           0  0  0  -1  0   1  2  1  0  0  0/0    17:11   3:06   0:00 
Justin Abdelkader        0  0  0  -1  0   1  2  0  0  0  1/1     8:13   0:00   0:00 
Mike Ribeiro             0  0  0   0  0   3  1  0  0  0  8/15   14:07   3:06   0:00 
Nate Schmidt             0  0  0  -1  0   0  0  0  0  0  0/0    14:05   0:00   0:00 
Nick Shore               0  0  0  -1  0   0  0  0  0  0  3/8     8:13   0:00   0:00 
Teuvo Teravainen         0  0  0   1  0   5  1  0  0  0  0/0    17:36   0:00   0:00 
Zack Smith               0  0  0  -1  0   1  0  0  0  0  0/1     8:13   0:00   0:00 

3 Stars

1 - Jordan Eberle (MTL)
2 - Auston Matthews (MTL)
3 - Brian Gionta (STL)

Power Play

Blues - 0 on 0 Attempt(s) - 0.00%
Canadiens - 0 on 3 Attempt(s) - 0.00%

Penalty Kill

Blues - 3 on 3 Attempt(s) - 100.00% - Score 0 goal in Penalty Kill
Canadiens - 0 on 0 Attempt(s) - 0.00% - Score 0 goal in Penalty Kill

Team Stat

Blues - Hits : 18 - Faceoff Wins : 37 - Blocked Shots : 4 - Penalty Minutes : 6
Canadiens - Hits : 16 - Faceoff Wins : 39 - Blocked Shots : 5 - Penalty Minutes : 0

Official

Referees : Chris Lee and Dennis LaRue
Linesman : Tony Sericolo and Ryan Galloway

Game Notes

No Game Note

Finance

Level 1 -- Attendance: 6347 (97.65%) -- Ticket Income 698 170 $
Level 2 -- Attendance: 4630 (92.60%) -- Ticket Income 347 250 $
Level 3 -- Attendance: 3476 (99.31%) -- Ticket Income 191 180 $
Level 4 -- Attendance: 2443 (46.21%) -- Ticket Income 85 505 $
Luxury Box -- Attendance: 918 (91.80%) -- Ticket Income 182 682 $
Game was played at the Bell Centre.
Total Attendance: 17814 (83.68%)
Total Ticket Income: 1 504 787 $
Other Income: 225 718 $
Total Income: 1 730 505 $

% Time on Ice - Blues

Lines # - Real PCT - Wanted PCT - Time Play
Normal Forward
1 - 27% - 40% - 14:40
2 - 31% - 30% - 16:40
3 - 29% - 20% - 15:40
4 - 13% - 10% - 7:02
Normal Defense
1 - 35% - 40% - 19:04
2 - 33% - 30% - 17:43
3 - 28% - 20% - 15:18
4 - 4% - 10% - 1:57
PP Forward
1 - 0% - 60%
2 - 0% - 40%
PP Defense
1 - 0% - 60%
2 - 0% - 40%
PK Forward
1 - 74% - 60% - 4:24
2 - 26% - 40% - 1:34
PK Defense
1 - 59% - 60% - 3:32
2 - 41% - 40% - 2:26
PK3 Forward
1 - 0% - 60%
2 - 0% - 40%
PK3 Defense
1 - 0% - 60%
2 - 0% - 40%
44 Forward
1 - 0% - 60%
2 - 0% - 40%
44 Defense
1 - 0% - 60%
2 - 0% - 40%
Last Minute Offensive  - 0:00
Last Minute Defensive  - 0:00
Total
Forward - 60:00
Defense - 60:00

% Time on Ice - Canadiens

Lines # - Real PCT - Wanted PCT - Time Play
Normal Forward
1 - 33% - 35% - 17:36
2 - 32% - 35% - 17:12
3 - 20% - 20% - 11:01
4 - 15% - 10% - 8:13
Normal Defense
1 - 36% - 35% - 19:27
2 - 26% - 30% - 14:16
3 - 26% - 20% - 14:05
4 - 12% - 15% - 6:14
PP Forward
1 - 48% - 60% - 2:52
2 - 52% - 40% - 3:06
PP Defense
1 - 48% - 50% - 2:52
2 - 52% - 50% - 3:06
PK Forward
1 - 0% - 55%
2 - 0% - 45%
PK Defense
1 - 0% - 60%
2 - 0% - 40%
PK3 Forward
1 - 0% - 60%
2 - 0% - 40%
PK3 Defense
1 - 0% - 60%
2 - 0% - 40%
44 Forward
1 - 0% - 50%
2 - 0% - 50%
44 Defense
1 - 0% - 50%
2 - 0% - 50%
Last Minute Offensive  - 0:00
Last Minute Defensive  - 0:00
Total
Forward - 60:00
Defense - 60:00

Play by Play

1st period


0:01 of 1st period - John Tavares wins face-off versus Mike Fisher in neutral zone.
0:01 of 1st period - John Tavares is hit by Mike Fisher.
0:57 of 1st period - Icing by Brian Flynn.
0:58 of 1st period - Jay McClement wins face-off versus Auston Matthews in Blues zone.
1:14 of 1st period - Shot by Jordan Eberle.
1:14 of 1st period - Stopped by Ryan Miller without a rebound.
1:15 of 1st period - Mike Ribeiro wins face-off versus Nick Cousins in Blues zone.
1:39 of 1st period - Shot by Josh Bailey.
1:39 of 1st period - Stopped by Ryan Miller without a rebound.
1:40 of 1st period - Auston Matthews wins face-off versus Clarke MacArthur in Blues zone.
1:40 of 1st period - Ian Cole is hit by Niklas Kronwall.
1:52 of 1st period - Shot by Auston Matthews.
1:52 of 1st period - Goal by Auston Matthews - Blues : 0 - Canadiens : 1.
1:53 of 1st period - Jay McClement wins face-off versus Nick Shore in neutral zone.
1:53 of 1st period - Brian Flynn is hit by Justin Abdelkader and loses puck.
2:21 of 1st period - Shot by Jay McClement.
2:21 of 1st period - Shot Blocked by Ivan Provorov.
2:24 of 1st period - Brian Flynn is hit by Ian Cole.
2:46 of 1st period - Shot by Mike Fisher.
2:46 of 1st period - Shot Blocked by Ian Cole.
2:49 of 1st period - Rick Nash is hit by Ian Cole.
2:51 of 1st period - Shot by Mike Fisher.
2:51 of 1st period - Stopped by Jonathan Bernier without a rebound.
2:52 of 1st period - Auston Matthews wins face-off versus Nick Cousins in Canadiens zone.
3:04 of 1st period - Icing by Kris Versteeg.
3:05 of 1st period - Mike Ribeiro wins face-off versus Nick Cousins in Blues zone.
3:06 of 1st period - Shot by Artturi Lehkonen.
3:06 of 1st period - Stopped by Ryan Miller without a rebound.
3:07 of 1st period - Auston Matthews wins face-off versus Mike Fisher in Blues zone.
3:10 of 1st period - Shot by Jordan Eberle.
3:10 of 1st period - Goal by Jordan Eberle - Blues : 0 - Canadiens : 2.
3:11 of 1st period - Auston Matthews wins face-off versus Mike Fisher in neutral zone.
3:44 of 1st period - Shot by Jordan Eberle.
3:44 of 1st period - Shot Misses the Net.
4:11 of 1st period - Icing by Josh Morrissey.
4:12 of 1st period - Jay McClement wins face-off versus John Tavares in Canadiens zone.
4:23 of 1st period - Shot by Teuvo Teravainen.
4:23 of 1st period - Stopped by Ryan Miller without a rebound.
4:24 of 1st period - Nick Cousins wins face-off versus Josh Bailey in Blues zone.
4:24 of 1st period - Nick Cousins is hit by Ian Cole.
4:27 of 1st period - Kris Versteeg is hit by Mike Ribeiro and loses puck.
4:32 of 1st period - Shot by Artturi Lehkonen.
4:32 of 1st period - Stopped by Ryan Miller without a rebound.
4:33 of 1st period - John Tavares wins face-off versus Mike Fisher in Blues zone.
5:24 of 1st period - Shot by Mike Ribeiro.
5:24 of 1st period - Stopped by Ryan Miller without a rebound.
5:25 of 1st period - Jay McClement wins face-off versus Auston Matthews in Blues zone.
5:27 of 1st period - Brian Gionta is hit by Jakob Silfverberg.
5:47 of 1st period - Shot by Jordan Eberle.
5:47 of 1st period - Stopped by Ryan Miller without a rebound.
5:48 of 1st period - Nick Cousins wins face-off versus Mike Ribeiro in Blues zone.
5:48 of 1st period - Nick Cousins is hit by Josh Bailey.
6:11 of 1st period - Artturi Lehkonen is hit by Chris Wideman.
7:43 of 1st period - Shot by Mike Fisher.
7:43 of 1st period - Stopped by Jonathan Bernier without a rebound.
7:44 of 1st period - Auston Matthews wins face-off versus Mike Fisher in Canadiens zone.
7:51 of 1st period - Matt Irwin is hit by Adam Larsson and loses puck.
9:00 of 1st period - Shot by Josh Bailey.
9:00 of 1st period - Shot Misses the Net.
9:07 of 1st period - Niklas Kronwall is hit by Josh Morrissey.
9:21 of 1st period - Off-side.
9:22 of 1st period - Nick Shore wins face-off versus Nick Cousins in neutral zone.
9:53 of 1st period - Icing by Matt Irwin.
9:54 of 1st period - John Tavares wins face-off versus Nick Cousins in Blues zone.
11:26 of 1st period - Shot by Jordan Eberle.
11:26 of 1st period - Deflect By Auston Matthews.
11:26 of 1st period - Shot Misses the Net.
13:37 of 1st period - Icing by Cam Fowler.
13:38 of 1st period - Justin Abdelkader wins face-off versus Mike Fisher in Canadiens zone.
13:53 of 1st period - Shot by Rick Nash.
13:53 of 1st period - Shot Misses the Net.
13:55 of 1st period - Shot by Rick Nash.
13:55 of 1st period - Shot Blocked by Josh Morrissey.
14:09 of 1st period - Shot by Auston Matthews.
14:09 of 1st period - Stopped by Ryan Miller without a rebound.
14:10 of 1st period - Nick Cousins wins face-off versus John Tavares in Blues zone.
15:14 of 1st period - Shot by Jakob Silfverberg.
15:14 of 1st period - Stopped by Ryan Miller without a rebound.
15:15 of 1st period - Mike Ribeiro wins face-off versus Mike Fisher in Blues zone.
15:24 of 1st period - Shot by Josh Bailey.
15:24 of 1st period - Shot Misses the Net.
15:34 of 1st period - Shot by Mike Fisher.
15:34 of 1st period - Shot Misses the Net.
16:16 of 1st period - Shot by Jordan Eberle.
16:16 of 1st period - Stopped by Ryan Miller without a rebound.
16:17 of 1st period - John Tavares wins face-off versus Jay McClement in Blues zone.
16:22 of 1st period - Shot by John Tavares.
16:22 of 1st period - Shot Blocked by Chris Wideman.
16:32 of 1st period - Shot by Teuvo Teravainen.
16:32 of 1st period - Deflect By John Tavares.
16:32 of 1st period - Stopped by Ryan Miller without a rebound.
16:33 of 1st period - Nick Cousins wins face-off versus Auston Matthews in Blues zone.
18:07 of 1st period - Shot by John Tavares.
18:07 of 1st period - Shot Misses the Net.
18:47 of 1st period - Icing by Marian Hossa.
18:48 of 1st period - Mike Fisher wins face-off versus Zack Smith in Blues zone.
19:01 of 1st period - Off-side.
19:02 of 1st period - Auston Matthews wins face-off versus Jay McClement in neutral zone.
19:16 of 1st period - Icing by Jay Bouwmeester.
19:17 of 1st period - John Tavares wins face-off versus Jay McClement in Blues zone.
19:17 of 1st period - Gustav Nyquist is hit by Niklas Kronwall and loses puck.
Goals for this period are 0 for Blues vs 2 for Canadiens.
Shots for this period are 2 for Blues vs 13 for Canadiens.

2nd period


0:01 of 2nd period - Mike Fisher wins face-off versus Auston Matthews in neutral zone.
0:06 of 2nd period - Shot by Mike Fisher.
0:06 of 2nd period - Deflect By Rick Nash.
0:06 of 2nd period - Stopped by Jonathan Bernier with a rebound.
0:23 of 2nd period - Icing by Jay Bouwmeester.
0:24 of 2nd period - Mike Fisher wins face-off versus John Tavares in Blues zone.
0:24 of 2nd period - Mike Fisher is hit by Teuvo Teravainen.
0:51 of 2nd period - Icing by Teuvo Teravainen.
0:52 of 2nd period - Jay McClement wins face-off versus John Tavares in Canadiens zone.
1:13 of 2nd period - Shot by John Tavares.
1:13 of 2nd period - Shot Misses the Net.
2:34 of 2nd period - Icing by John-Michael Liles.
2:35 of 2nd period - Jay McClement wins face-off versus Nick Shore in Blues zone.
2:55 of 2nd period - Cam Fowler is hit by Niklas Kronwall and loses puck.
3:15 of 2nd period - Icing by Jay Bouwmeester.
3:16 of 2nd period - Mike Fisher wins face-off versus John Tavares in Blues zone.
3:29 of 2nd period - Shot by Marian Hossa.
3:29 of 2nd period - Stopped by Jonathan Bernier with a rebound.
4:01 of 2nd period - Icing by Chris Wideman.
4:02 of 2nd period - Nick Cousins wins face-off versus Auston Matthews in Blues zone.
4:39 of 2nd period - Shot by Jordan Eberle.
4:39 of 2nd period - Goal by Jordan Eberle - Blues : 0 - Canadiens : 3.
4:40 of 2nd period - Mike Fisher wins face-off versus Mike Ribeiro in neutral zone.
5:19 of 2nd period - Josh Bailey is hit by Chris Wideman and loses puck.
5:56 of 2nd period - Shot by John Tavares.
5:56 of 2nd period - Stopped by Ryan Miller with a rebound.
5:58 of 2nd period - Shot by Nate Schmidt.
5:58 of 2nd period - Shot Misses the Net.
6:00 of 2nd period - Shot by Josh Morrissey.
6:00 of 2nd period - Stopped by Ryan Miller without a rebound.
6:01 of 2nd period - Nick Cousins wins face-off versus Auston Matthews in Blues zone.
6:01 of 2nd period - Kris Versteeg is hit by Jakob Silfverberg and loses puck.
6:29 of 2nd period - Off-side.
6:30 of 2nd period - Nick Shore wins face-off versus Jay McClement in neutral zone.
6:49 of 2nd period - Shot by Zack Smith.
6:49 of 2nd period - Stopped by Ryan Miller without a rebound.
6:50 of 2nd period - Mike Fisher wins face-off versus John Tavares in Blues zone.
7:14 of 2nd period - Icing by Matt Irwin.
7:15 of 2nd period - Mike Fisher wins face-off versus Auston Matthews in Blues zone.
7:26 of 2nd period - Shot by Mike Fisher.
7:26 of 2nd period - Shot Misses the Net.
7:50 of 2nd period - Shot by Jordan Eberle.
7:50 of 2nd period - Deflect By Jakob Silfverberg.
7:50 of 2nd period - Shot Blocked by John-Michael Liles.
7:52 of 2nd period - Shot by Auston Matthews.
7:52 of 2nd period - Stopped by Ryan Miller without a rebound.
7:53 of 2nd period - John Tavares wins face-off versus Jay McClement in Blues zone.
7:54 of 2nd period - Shot by Teuvo Teravainen.
7:54 of 2nd period - Stopped by Ryan Miller without a rebound.
7:55 of 2nd period - John Tavares wins face-off versus Jay McClement in Blues zone.
8:34 of 2nd period - Icing by Teuvo Teravainen.
8:35 of 2nd period - John Tavares wins face-off versus Nick Cousins in Canadiens zone.
9:12 of 2nd period - Minor Penalty to Michael Raffl for Tripping.
9:13 of 2nd period - Mike Ribeiro wins face-off versus Mike Fisher in Blues zone.
10:38 of 2nd period - Shot by Mike Ribeiro.
10:38 of 2nd period - Shot Misses the Net.
10:40 of 2nd period - Shot by Ian Cole.
10:40 of 2nd period - Stopped by Ryan Miller without a rebound.
10:41 of 2nd period - Mike Ribeiro wins face-off versus Mike Fisher in Blues zone.
10:48 of 2nd period - Shot by Jakob Silfverberg.
10:48 of 2nd period - Shot Misses the Net.
11:09 of 2nd period - Shot by Jordan Eberle.
11:09 of 2nd period - Shot Blocked by Jay Bouwmeester.
11:16 of 2nd period - Icing by Carl Gunnarsson.
11:17 of 2nd period - Jay McClement wins face-off versus Nick Shore in Blues zone.
11:34 of 2nd period - Shot by Justin Abdelkader.
11:34 of 2nd period - Stopped by Ryan Miller without a rebound.
11:35 of 2nd period - Nick Cousins wins face-off versus John Tavares in Blues zone.
12:37 of 2nd period - Shot by Brian Flynn.
12:37 of 2nd period - Stopped by Jonathan Bernier with a rebound.
12:39 of 2nd period - Shot by Brian Gionta.
12:39 of 2nd period - Goal by Brian Gionta - Blues : 1 - Canadiens : 3.
12:40 of 2nd period - Mike Ribeiro wins face-off versus Mike Fisher in neutral zone.
12:51 of 2nd period - Shot by Josh Bailey.
12:51 of 2nd period - Shot Misses the Net.
13:04 of 2nd period - Josh Bailey is hit by Jay Bouwmeester.
13:44 of 2nd period - Auston Matthews is hit by Chris Wideman and loses puck.
13:53 of 2nd period - Shot by Auston Matthews.
13:53 of 2nd period - Stopped by Ryan Miller without a rebound.
13:54 of 2nd period - Nick Cousins wins face-off versus John Tavares in Blues zone.
14:05 of 2nd period - Josh Morrissey is hit by Kris Versteeg and loses puck.
14:09 of 2nd period - Off-side.
14:10 of 2nd period - Mike Fisher wins face-off versus Auston Matthews in neutral zone.
14:16 of 2nd period - Icing by Jakob Silfverberg.
14:17 of 2nd period - Auston Matthews wins face-off versus Jay McClement in Canadiens zone.
14:17 of 2nd period - Auston Matthews is hit by Jay McClement.
14:20 of 2nd period - Icing by Jordan Eberle.
14:21 of 2nd period - Jay McClement wins face-off versus Jakob Silfverberg in Canadiens zone.
14:24 of 2nd period - Shot by Brian Gionta.
14:24 of 2nd period - Shot Blocked by Ivan Provorov.
14:26 of 2nd period - Shot by Brian Flynn.
14:26 of 2nd period - Stopped by Jonathan Bernier with a rebound.
14:28 of 2nd period - Shot by Jay McClement.
14:28 of 2nd period - Goal by Jay McClement - Blues : 2 - Canadiens : 3.
14:29 of 2nd period - Mike Fisher wins face-off versus Auston Matthews in neutral zone.
14:42 of 2nd period - Shot by Jakob Silfverberg.
14:42 of 2nd period - Deflect By Auston Matthews.
14:42 of 2nd period - Stopped by Ryan Miller with a rebound.
14:54 of 2nd period - Shot by Auston Matthews.
14:54 of 2nd period - Shot Misses the Net.
14:56 of 2nd period - Shot by Auston Matthews.
14:56 of 2nd period - Stopped by Ryan Miller with a rebound.
14:58 of 2nd period - Shot by Jakob Silfverberg.
14:58 of 2nd period - Shot Misses the Net.
15:35 of 2nd period - Cam Fowler is hit by Jay McClement and loses puck.
16:21 of 2nd period - Shot by Artturi Lehkonen.
16:21 of 2nd period - Shot Misses the Net.
16:23 of 2nd period - Shot by Josh Bailey.
16:23 of 2nd period - Shot Misses the Net.
16:38 of 2nd period - Icing by Matt Irwin.
16:39 of 2nd period - Brian Gionta wins face-off versus Auston Matthews in Blues zone.
17:32 of 2nd period - Icing by Carl Gunnarsson.
17:33 of 2nd period - John Tavares wins face-off versus Nick Cousins in Blues zone.
17:50 of 2nd period - Shot by Teuvo Teravainen.
17:50 of 2nd period - Deflect By John Tavares.
17:50 of 2nd period - Stopped by Ryan Miller with a rebound.
Goals for this period are 2 for Blues vs 1 for Canadiens.
Shots for this period are 6 for Blues vs 12 for Canadiens.

3rd period


0:01 of 3rd period - Auston Matthews wins face-off versus Mike Fisher in neutral zone.
0:24 of 3rd period - Jordan Eberle is hit by Mike Fisher and loses puck.
0:39 of 3rd period - Shot by Auston Matthews.
0:39 of 3rd period - Goal by Auston Matthews - Blues : 2 - Canadiens : 4.
0:40 of 3rd period - John Tavares wins face-off versus Jay McClement in neutral zone.
0:49 of 3rd period - Shot by Brian Gionta.
0:49 of 3rd period - The goal is going for a video replay.
0:49 of 3rd period - The goal is refused.
0:50 of 3rd period - Mike Ribeiro wins face-off versus Nick Cousins in Canadiens zone.
1:21 of 3rd period - Adam Larsson is hit by Kris Versteeg and loses puck.
1:42 of 3rd period - Brian Flynn is hit by Jordan Eberle and loses puck.
2:06 of 3rd period - Shot by Auston Matthews.
2:06 of 3rd period - Stopped by Ryan Miller without a rebound.
2:07 of 3rd period - John Tavares wins face-off versus Marian Hossa in Blues zone.
2:16 of 3rd period - Shot by Teuvo Teravainen.
2:16 of 3rd period - Stopped by Ryan Miller without a rebound.
2:17 of 3rd period - Nick Shore wins face-off versus Mike Fisher in Blues zone.
2:17 of 3rd period - Zack Smith is hit by Jay Bouwmeester.
3:15 of 3rd period - Shot by John Tavares.
3:15 of 3rd period - Shot Misses the Net.
3:17 of 3rd period - Shot by John Tavares.
3:17 of 3rd period - Goal by John Tavares - Blues : 2 - Canadiens : 5.
3:18 of 3rd period - Jay McClement wins face-off versus Auston Matthews in neutral zone.
3:21 of 3rd period - Shot by Brian Gionta.
3:21 of 3rd period - Shot Misses the Net.
3:49 of 3rd period - Shot by Auston Matthews.
3:49 of 3rd period - Shot Misses the Net.
4:11 of 3rd period - Shot by John Tavares.
4:11 of 3rd period - Stopped by Ryan Miller with a rebound.
4:19 of 3rd period - Shot by Teuvo Teravainen.
4:19 of 3rd period - Stopped by Ryan Miller without a rebound.
4:20 of 3rd period - Nick Cousins wins face-off versus Mike Ribeiro in Blues zone.
4:42 of 3rd period - Off-side.
4:43 of 3rd period - Mike Fisher wins face-off versus John Tavares in neutral zone.
4:56 of 3rd period - Teuvo Teravainen is hit by Niklas Kronwall and loses puck.
5:07 of 3rd period - Shot by Marian Hossa.
5:07 of 3rd period - Stopped by Jonathan Bernier without a rebound.
5:08 of 3rd period - Nick Cousins wins face-off versus Auston Matthews in Canadiens zone.
6:25 of 3rd period - Teuvo Teravainen is hit by Carl Gunnarsson and loses puck.
6:32 of 3rd period - Shot by Teuvo Teravainen.
6:32 of 3rd period - Stopped by Ryan Miller without a rebound.
6:33 of 3rd period - Artturi Lehkonen wins face-off versus Mike Fisher in Blues zone.
6:49 of 3rd period - Shot by Marian Hossa.
6:49 of 3rd period - Stopped by Jonathan Bernier without a rebound.
6:50 of 3rd period - Jay McClement wins face-off versus Nick Shore in Canadiens zone.
7:17 of 3rd period - Double Minor Penalty to Brian Flynn for Roughing.
7:18 of 3rd period - John Tavares wins face-off versus Mike Fisher in Blues zone.
7:51 of 3rd period - Shot by John Tavares.
7:51 of 3rd period - Stopped by Ryan Miller with a rebound.
7:53 of 3rd period - Shot by Ivan Provorov.
7:53 of 3rd period - Stopped by Ryan Miller without a rebound.
7:54 of 3rd period - Mike Fisher wins face-off versus Mike Ribeiro in Blues zone.
8:00 of 3rd period - Icing by Mike Ribeiro.
8:01 of 3rd period - Mike Ribeiro wins face-off versus Mike Fisher in Canadiens zone.
8:08 of 3rd period - Marian Hossa is hit by Jordan Eberle and loses puck.
8:15 of 3rd period - Shot by Mike Ribeiro.
8:15 of 3rd period - Stopped by Ryan Miller without a rebound.
8:16 of 3rd period - Mike Fisher wins face-off versus John Tavares in Blues zone.
8:16 of 3rd period - Mike Fisher is hit by Auston Matthews.
8:50 of 3rd period - Shot by Cam Fowler.
8:50 of 3rd period - Stopped by Ryan Miller without a rebound.
8:51 of 3rd period - Brian Gionta wins face-off versus Mike Ribeiro in Blues zone.
9:07 of 3rd period - Shot by Jordan Eberle.
9:07 of 3rd period - Shot Misses the Net.
9:57 of 3rd period - Shot by Gustav Nyquist.
9:57 of 3rd period - Stopped by Ryan Miller with a rebound.
10:53 of 3rd period - Shot by Mike Ribeiro.
10:53 of 3rd period - Stopped by Ryan Miller without a rebound.
10:54 of 3rd period - Brian Gionta wins face-off versus Mike Ribeiro in Blues zone.
12:12 of 3rd period - Shot by Brian Flynn.
12:12 of 3rd period - Shot Misses the Net.
12:14 of 3rd period - Shot by Jay Bouwmeester.
12:14 of 3rd period - Shot Blocked by Ivan Provorov.
12:16 of 3rd period - Shot by Jay Bouwmeester.
12:16 of 3rd period - Stopped by Jonathan Bernier without a rebound.
12:17 of 3rd period - John Tavares wins face-off versus Mike Fisher in Canadiens zone.
12:30 of 3rd period - Shot by Cal Clutterbuck.
12:30 of 3rd period - Stopped by Jonathan Bernier without a rebound.
12:31 of 3rd period - Mike Fisher wins face-off versus Mike Ribeiro in Canadiens zone.
12:51 of 3rd period - Shot by Josh Bailey.
12:51 of 3rd period - Shot Misses the Net.
13:02 of 3rd period - Icing by Chris Wideman.
13:03 of 3rd period - Auston Matthews wins face-off versus Mike Fisher in Blues zone.
13:14 of 3rd period - Shot by Jakob Silfverberg.
13:14 of 3rd period - Stopped by Ryan Miller without a rebound.
13:15 of 3rd period - John Tavares wins face-off versus Jay McClement in Blues zone.
14:13 of 3rd period - Shot by Kris Versteeg.
14:13 of 3rd period - Shot Misses the Net.
15:12 of 3rd period - Artturi Lehkonen is hit by Mike Fisher and loses puck.
16:02 of 3rd period - Off-side.
16:03 of 3rd period - Mike Fisher wins face-off versus Nick Shore in neutral zone.
16:03 of 3rd period - Mike Fisher is hit by Justin Abdelkader.
16:11 of 3rd period - Shot by Cal Clutterbuck.
16:11 of 3rd period - Stopped by Jonathan Bernier with a rebound.
17:00 of 3rd period - Shot by Jordan Eberle.
17:00 of 3rd period - Shot Misses the Net.
17:14 of 3rd period - Shot by Jordan Eberle.
17:14 of 3rd period - Stopped by Ryan Miller without a rebound.
17:15 of 3rd period - John Tavares wins face-off versus Jay McClement in Blues zone.
17:24 of 3rd period - Shot by Teuvo Teravainen.
17:24 of 3rd period - Deflect By John Tavares.
17:24 of 3rd period - Shot Blocked by Brian Gionta.
17:45 of 3rd period - Jay McClement is hit by Josh Morrissey.
18:13 of 3rd period - Shot by Kris Versteeg.
18:13 of 3rd period - Stopped by Jonathan Bernier without a rebound.
18:14 of 3rd period - Auston Matthews wins face-off versus Mike Fisher in Canadiens zone.
18:16 of 3rd period - Icing by Jakob Silfverberg.
18:17 of 3rd period - Auston Matthews wins face-off versus Mike Fisher in Canadiens zone.
18:36 of 3rd period - Shot by Rick Nash.
18:36 of 3rd period - Shot Misses the Net.
19:38 of 3rd period - Gustav Nyquist is hit by Niklas Kronwall and loses puck.
Goals for this period are 0 for Blues vs 2 for Canadiens.
Shots for this period are 7 for Blues vs 15 for Canadiens.